 Dungeon Crawl Stone Soup version 0.28.0-47-ge53b351184 (webtiles) character file.

Game seed: 10131652708976942801

29 101zpm the Magician (level 3, -5/25 HPs)
             Began as a Djinni Ice Elementalist on Apr 26, 2022.
             Frozen to death by an endoplasm (6 damage)
             ... on level 1 of the Dungeon.
             The game lasted 00:02:44 (1744 turns).

101zpm the Magician (Djinni Ice Elementalist)       Turns: 1744, Time: 00:02:44

Health: -5/25      AC:  2    Str:  7    XL:     3   Next: 32%
Gold:   81         EV: 12    Int: 18    God:
                   SH:  0    Dex: 13

rFire   + + .      SeeInvis .   (no weapon)
rCold   x . .      Faith    .   (no shield)
rNeg    . . .      Spirit   .   a - +0 robe
rPois   ∞          Reflect  .   (no helmet)
rElec   .          Harm     .   (no cloak)
rCorr   .          Rampage  .   (no gloves)
Will    .....                   (boots unavailable)
Stlth   ++........              (no amulet)
HPRegen 0.08/turn               (no ring)
MPRegen 0.00/turn               (no ring)

@: flying
A: sickness immunity, fire resistance 2, cold vulnerability 1, float, innate
caster, HP casting, extra vitality 1
a: no special abilities


You were on level 1 of the Dungeon.
You visited 1 branch of the dungeon, and saw 2 of its levels.

You collected 81 gold pieces.

Inventory:

Armour
 a - a +0 robe (worn)
Scrolls
 b - a scroll of teleportation {unknown}
 d - a scroll of torment {unknown}
Potions
 c - a potion of curing {unknown}


   Skills:
 + Level 2.2 Dodging
 + Level 1.9 Stealth
 + Level 3.9 Spellcasting


You couldn't memorise any spells.
You knew the following spells:

 Your Spells              Type           Power      Damage    Failure   Level
a - Freeze                Ice            68%        1d8       3%          1
b - Frozen Ramparts       Ice            34%        1d5       9%          3
c - Ozocubu's Armour      Ice            17%        N/A       9%          3
d - Hailstorm             Conj/Ice       17%        3d6       30%         4
e - Beastly Appendage     Tmut           34%        N/A       3%          1
Your spell library was empty.

Dungeon Overview and Level Annotations

Branches:
Dungeon (2/15)

Altars:


Innate Abilities, Weirdness & Mutations

You are immune to sickness and miasma.
You are immune to poison.
Your flesh is very heat resistant. (rF++)
You are vulnerable to cold. (rC-)
You float through the air rather than walking.
You learn spells naturally, not from books.
Your magical power is your life essence.
You have superior vitality. (+4 MHP)


Message History

What level of the Dungeon? (default 1, ? - help)
There is a stone staircase leading down here.
You fly downwards.
The endoplasm hits you. The endoplasm closely misses you.
The endoplasm freezes you.
You are frozen.
You feel a terrible chill! The endoplasm hits you.
There is a stone staircase leading up here.
The endoplasm freezes you.
You are frozen!
You feel a terrible chill!
* * * LOW HITPOINT WARNING * * *
The endoplasm freezes you.
You are frozen.
You feel a terrible chill!
* * * LOW HITPOINT WARNING * * *
You fly upwards.
There is a stone staircase leading down here.
The endoplasm jiggles.
The endoplasm jiggles.
The endoplasm jiggles.
Aiming: Freeze (safe; 3% risk of failure)
Press: ? - help, Q - select action, (/) - cycle Shift-Dir - straight line, f - endoplasm
Aim: an endoplasm You freeze the endoplasm.
The endoplasm is lightly wounded.
* * * LOW HITPOINT WARNING * * *
The endoplasm hits you.
* * * LOW HITPOINT WARNING * * *
Aiming: Freeze (safe; 3% risk of failure)
Press: ? - help, Q - select action, (/) - cycle Shift-Dir - straight line, f/p - endoplasm
Aim: an endoplasm (lightly wounded)
You freeze the endoplasm!
You kill the endoplasm!
* * * LOW HITPOINT WARNING * * *
Aiming: Freeze (safe; 3% risk of failure)
Press: ? - help, Q - select action, (/) - cycle Shift-Dir - straight line, f - endoplasm
Aim: an endoplasm You freeze the endoplasm.
The endoplasm is severely wounded.
* * * LOW HITPOINT WARNING * * *
The endoplasm freezes you.
You are frozen.
You feel a terrible chill!
You die...

#.######.....###..#
##.............#.#.#
#.........#####..#.##########
#..############.............#
##†...................######.##
#.....#########.....#.# #...
##....# ##.._..#.# #J## #..#.#
#......#.######.## #..#.#
#@J....#.......... #.##.#
#####.#.#..#.######.## #.##.#
#[......##.#.# #.# #.##.#
#.####..##.#.# #.# #.##.# ##.#
#..##.#.# #.#
##.##.###..####..##.#.# #.#
#...)....#.......##.#.# #.#
#..##...###...........# #.#
#..#####.#.#.##.###...# #.#


You could see an endoplasm.

Vanquished Creatures
  3 dart slugs (D:1)
  A ball python (D:1)
  6 endoplasms
  A giant cockroach (D:1)
  2 jackals (D:2)
  A quokka (D:1)
  A bat (D:1)
  A frilled lizard (D:1)
  2 kobolds
  4 rats
22 creatures vanquished.

Notes
Turn   | Place    | Note
-------+----------+-------------------------------------------
     0 | D:1      | 101zpm the Djinni Ice Elementalist began the quest for the
                  | Orb.
     0 | D:1      | Reached XP level 1. HP: 15/15 MP: 0/0
   119 | D:1      | Reached XP level 2. HP: 4/21 MP: 0/0
   865 | D:1      | Reached XP level 3. HP: 18/25 MP: 0/0
   865 | D:1      | Learned a level 1 spell: Beastly Appendage
  1518 | D:1      | Found a faded altar of an unknown god.
  1744 | D:1      | Frozen to death by an endoplasm

Illustrated notes

Levels and vault maps discovered:
D:1:      roderic_chinese_lattice_arrival, layout_loops_ring,
          ebering_ecumenical_altar_sacrificial
D:2:      layout_rooms, st_stairs_2, patterned_corridor

Action                   || total
-------------------------++-------
Melee: Unarmed           ||     5
       Headbutt          ||     1
       Punch             ||     1
 Cast: Freeze            ||    37
       Beastly Appendage ||     1
 Stab: Sleeping          ||     1
Armor: Robe              ||     3
Dodge: Dodged            ||    11
